 Dungeon Sprint DCSS version 0.19.0-11-g3fc08b3 (webtiles) character file.

1234 poirepourri the Basher (level 8, -7/57 HPs)
             Began as a Gargoyle Fighter on Nov 9, 2016.
             Was an Initiate of Cheibriados.
             Killed from afar by Erica (16 damage)
             ... with an orb of energy
             ... in the Dungeon (Sprint III: "The Ten Rune Challenge").
             The game lasted 00:02:55 (1443 turns).

poirepourri the Basher (Gargoyle Fighter)           Turns: 1443, Time: 00:02:56

Health: -7/57      AC: 13    Str: 21    XL:     8   Next: 48%
Magic:  8/8        EV: 10    Int: 11    God:    Cheibriados [......]
Gold:   47         SH: 11    Dex: 11    Spells: 0 memorised, 7 levels left

rFire  . . .     SeeInvis .     a - +0 flail
rCold  . . .     Gourm    .     b - +0 scale mail
rNeg   + + .     Faith    .     c - +0 shield
rPois  ∞         Spirit   .     (no helmet)
rElec  +         Reflect  .     (no cloak)
rCorr  .         Harm     .     (no gloves)
MR     .....     NoTele   +     (no boots)
Stlth  ..........               (no amulet)
                                (no ring)
                                l - ring of positive energy

@: slowed, very slow
A: negative energy resistance 1, electricity resistance, unbreathing,
petrification resistance, rot immunity, AC +5
a: Bend Time, Renounce Religion


You were in the Dungeon.
You worshipped Cheibriados.
Cheibriados was noncommittal.
You were not hungry.

You visited 1 branch You collected 47 gold pieces.

Inventory:

Hand Weapons
 a - a +0 flail (weapon)
Armour
 b - a +0 scale mail (worn)
 c - a +0 shield (worn)
Jewellery
 l - a ring of positive energy (left hand)
Scrolls
 n - a scroll of identify
 o - 3 scrolls of remove curse
Potions
 d - 2 potions of mutation
 h - a potion of haste
 i - 2 potions of magic
 q - 3 potions of cure mutation
 r - 2 potions of flight
Comestibles
 f - a bread ration
 g - a royal jelly


   Skills:
 + Level 9.8 Fighting
 + Level 11.0 Maces & Flails
 + Level 9.5 Armour
 + Level 2.6 Dodging
 + Level 9.7 Shields


You had 7 spell levels left.
You didn't know any spells.

Dungeon Overview and Level Annotations

Branches:
Dungeon (1/1)

Altars:
Cheibriados
Dithmenos
Elyvilon
Fedhas
Gozag
Hepliaklqana
Kikubaaqudgha
Makhleb
Nemelex Xobeh
Okawaru
Qazlal
Ru
Sif Muna
Trog
Uskayaw
Vehumet
Xom
Yredelemnul
Zin
The Shining One
Beogh
Jiyva
Lugonu

Annotations:
D Erica


Innate Abilities, Weirdness & Mutations

You are resistant to torment.
Your stone body is resilient. (AC +5)
You are immune to poison.
You resist negative energy. (rN+)
You are resistant to electric shocks. (rElec)
You can survive without breathing.
You are immune to petrification.
You are immune to rotting.


Message History

The orb of energy hits you!
* * * LOW HITPOINT WARNING * * *
The orb of energy explodes!
Unknown command.
You hit something. Something hits you but does no damage.
Unknown command.
You completely miss something. Something hits you but does no damage.
Unknown command.
There is a strange disturbance nearby!
You closely miss something. Something hits you but does no damage.
Something hits you.
* * * LOW HITPOINT WARNING * * *
Something burns you.
* * * LOW HITPOINT WARNING * * *
Unknown command.
You sock something!
You hear some strange, mumbled words.
An orb of energy appears from out of thin air!
The orb of energy hits you!
You die...

.#)..#__.#._#
.###'#'###)##
.#..........#
.'.⌠........#
.#.).######'#
.#.⌠.#__#...#+#####
.#...#__#...#.§§§§+
.#'###__#...#.#§{≈#
.#.).#__#...'.#§@§#
.#___#__'...#.#§.§#
▓▓▓▓▓▓▓▓▓▓▓▓▓▓▓▓▓▓▓


There were no monsters in sight!

Vanquished Creatures
  A deep elf mage (D)
  A shadow (D)
  A spatial vortex (D)
  A necrophage (D)
  A water elemental (D)
  A jelly (D)
  A wizard (D)
  Jessica (D)
  A necromancer (D)
  A kobold demonologist (D)
  3 humans (D)
  A phantom (D)
  3 rats (D)
17 creatures vanquished.

Vanquished Creatures (others)
  2 draconian scorchers (D)
  6 hellions (D)
  A yaktaur (D)
9 creatures vanquished.

Grand Total: 26 creatures vanquished

Notes
Turn   | Place    | Note
-------+----------+-------------------------------------------
     0 | D        | poirepourri the Gargoyle Fighter began the quest for the Orb.
     0 | D        | Reached XP level 1. HP: 14/14 MP: 1/1
    49 | D        | Noticed Jessica
    54 | D        | Killed Jessica
    54 | D        | Reached XP level 2. HP: 20/20 MP: 2/2
    54 | D        | Reached XP level 3. HP: 24/24 MP: 3/3
    76 | D        | Killed a hellion
    95 | D        | Reached skill level 5 in Fighting
    95 | D        | Reached skill level 3 in Maces & Flails
    95 | D        | Reached skill level 5 in Armour
    95 | D        | Reached skill level 5 in Shields
   103 | D        | Killed a hellion
   106 | D        | Killed a hellion
   107 | D        | Killed a hellion
   114 | D        | Killed a yaktaur
   178 | D        | Killed a white draconian scorcher
   198 | D        | Noticed a water elemental
   206 | D        | Killed a water elemental
   206 | D        | Reached skill level 4 in Maces & Flails
   206 | D        | Reached XP level 4. HP: 22/32 MP: 4/4
   206 | D        | Killed a white draconian scorcher
   231 | D        | Killed a hellion
   274 | D        | Killed a hellion
   369 | D        | Found a radiant altar of Vehumet.
   369 | D        | Found a deep blue altar of Sif Muna.
   369 | D        | Found an ancient bone altar of Kikubaaqudgha.
   369 | D        | Noticed a wizard
   376 | D        | Reached XP level 5. HP: 36/36 MP: 5/5
   464 | D        | Found a basalt altar of Yredelemnul.
   464 | D        | Found a shadowy altar of Dithmenos.
   464 | D        | Found a sacrificial altar of Ru.
   464 | D        | Noticed a necrophage
   482 | D        | Killed a necrophage
   482 | D        | Reached skill level 6 in Maces & Flails
   482 | D        | Reached XP level 6. HP: 21/44 MP: 6/6
   649 | D        | Found a hide-covered altar of Uskayaw.
   649 | D        | Found a roughly hewn altar of Beogh.
   649 | D        | Found an iron altar of Okawaru.
   649 | D        | Found a bloodstained altar of Trog.
   649 | D        | Noticed a human
   651 | D        | Noticed a human
   689 | D        | Killed a human
   689 | D        | Reached skill level 7 in Maces & Flails
   689 | D        | Reached skill level 1 in Dodging
   715 | D        | Killed a human
   715 | D        | Reached skill level 8 in Maces & Flails
   715 | D        | Reached XP level 7. HP: 10/50 MP: 7/7
  1023 | D        | Found a glowing silver altar of Zin.
  1023 | D        | Found a glowing golden altar of the Shining One.
  1023 | D        | Found a white marble altar of Elyvilon.
  1024 | D        | Noticed a deep elf mage
  1031 | D        | Killed a deep elf mage
  1031 | D        | Reached skill level 10 in Maces & Flails
  1031 | D        | Reached XP level 8. HP: 26/56 MP: 8/8
  1157 | D        | Noticed a shadow
  1166 | D        | Killed a shadow
  1386 | D        | Found a blossoming altar of Fedhas.
  1386 | D        | Found a stormy altar of Qazlal.
  1386 | D        | Found a snail-covered altar of Cheibriados.
  1386 | D        | Found a burning altar of Makhleb.
  1386 | D        | Found a shimmering altar of Xom.
  1396 | D        | Reached skill level 11 in Maces & Flails
  1401 | D        | Found a hazy altar of Hepliaklqana.
  1401 | D        | Found an opulent altar of Gozag.
  1401 | D        | Found a sparkling altar of Nemelex Xobeh.
  1401 | D        | Found a corrupted altar of Lugonu.
  1401 | D        | Found a viscous altar of Jiyva.
  1404 | D        | Became a worshipper of Cheibriados the Contemplative
  1417 | D        | Noticed Erica
  1443 | D        | Killed from afar by Erica

Skill      XL: |  1  2  3  4  5  6  7  8 |
---------------+-------------------------+-----
Fighting       | 4 5 6 7 8 9 |  9.8
Armour         | 4 6 7 8 9 |  9.5
Shields        | 4 6 7 8 9 |  9.7
Maces & Flails | 4 6 8 10 11 | 11.0
Dodging        | 1 2 |  2.6

Action                   |  1- 3 |  4- 6 |  7- 9 || total
-------------------------+-------+-------+-------++-------
Melee: Flail             |    28 |    72 |    45 ||   145
  Use: Scroll            |     3 |     1 |       ||     4
       Potion            |     2 |     3 |       ||     5
  Eat: Royal jelly       |       |       |     2 ||     2
Armor: Scale mail        |    12 |    20 |    10 ||    42
Dodge: Dodged            |     6 |    12 |     7 ||    25
Block: Shield            |    12 |    26 |     9 ||    47
